Workbook
Name REFERENCE: 'Véhicules MAJ 20012022'!$A:$A

Sheet Véhicules MAJ 20012022
A1: REF. interne | B1: Propriétaire | C1: Plaque | D1: Type | E1: Marque | F1: Modèle | G1: N° Série | H1: CB / Leaseur | I1: Date achat | J1: Valeur achat | K1: Devenir | L1: Durée | M1: FDC | N1: Frais dossier | O1: ass deces | P1: greffe | Q1: FRAIS ANNEXE | R1: FLOCAGE | S1: REHAUSSE JPM | T1: MAINTENANCE | X1: En compta | Y1: Amort (A) | Z1: Amort (M) | AA1: Année acq | AB1: Année Fin Amort. | AC1: Assiette de calcul initiale | AD1: 2033 | AE1: 2032 | AF1: 2031 | AG1: 2030 | AH1: 2029 | AI1: 2028 | AJ1: 2027 | AK1: 2026 | AL1: 2025 | AM1: 2024 | AN1: 2023
A2: BEN 01 | B2: GPDG | C2: DJ-492-HG | D2: BENNE | E2: IVECO | F2: DAYLY | G2: ZCFC35A740D533467 | H2: CB IVECO Capital | I2: 42107 | J2: 17500 | K2: GPDG 15/10/2019 | L2: 60 | M2: 43709 | R2: 495 | T2: 60 | Y2: 4 | Z2: =12*Y2 -> 48 | AA2: =YEAR(I2) -> 2015 | AB2: =Y2+AA2 -> 2019 | AC2: 17500
A3: BEN 02 | B3: GPDG | C3: DQ-059-QL | D3: BENNE | E3: RENAULT | F3: MAXITY | G3: VF6SWTF24E5171208 | H3: CB Natixis Lease | I3: 42108 | J3: 29100 | K3: GPDG 14/03/2020 | L3: 60 | M3: 43935 | N3: 150 | O3: 764.4 | P3: 23 | R3: 405 | T3: 60 | Y3: 3 | Z3: =12*Y3 -> 36 | AA3: =YEAR(I3) -> 2015 | AB3: =Y3+AA3 -> 2018 | AC3: 29100
A4: BEN 03 | B4: GPDG | C4: ED-199-XE | D4: BENNE- | E4: RENAULT | F4: MAXITY | G4: VF6SVTF24G6192480 | H4: NATIXIS LEASE 931658/00 | I4: 42627 | J4: 29700 | L4: 66 | M4: 44542 | R4: 405 | T4: 60 | Y4: 5.5 | Z4: =12*Y4 -> 66 | AA4: =YEAR(I4) -> 2016 | AB4: =Y4+AA4 -> 2021.5 | AC4: 29700
A5: BEN 04 | B5: PDG | C5: EB-962-XQ | D5: BENNE- | E5: FIAT | F5: DUCATO | G5: ZFA25000002929593 | H5: CGI FINANCE CL10491540 | I5: 43074 | J5: 16241.67 | L5: 60 | M5: 44880 | R5: 405 | T5: 60 | Y5: 5.5 | Z5: =12*Y5 -> 66 | AA5: =YEAR(I5) -> 2017 | AB5: =Y5+AA5 -> 2022.5 | AC5: 16241.27
A6: BEN 05 | B6: GPDG | C6: EV-324-LW | D6: BENNE | E6: IVECO | F6: DAILY | G6: ZCFC635B40D6045529 | H6: CNHI A1A64071 001 | I6: 43165 | J6: 36300 | K6: CNHI - Iveco Capital | L6: 60 | M6: 45017 | N6: 120 | R6: 495 | T6: 60 | Y6: 5 | Z6: =12*Y6 -> 60 | AA6: =YEAR(I6) -> 2018 | AB6: =Y6+AA6 -> 2023 | AC6: 36300
A7: BEN 06 | B7: GPDG | C7: EX-988-SD | D7: BENNE | E7: FIAT | F7: DUCATO | G7: ZFA25000002G57071 | H7: LOREQUIP BAIL 128096/00 | I7: 43276 | J7: 24490 | L7: 60 | M7: 45071 | R7: 405 | S7: 2608 | T7: 60 | Z7: =12*Y7 -> 0 | AA7: =YEAR(I7) -> 2018 | AB7: =Y7+AA7 -> 2018 | AC7: 24490
A8: BEN 07 | B8: GPDG | C8: EE-080-QS | D8: BENNE | E8: FIAT | F8: DUCATO | G8: ZFA25000002B60149 | H8: LIXXBAIL 276155BIO | I8: 43276 | J8: 19990 | K8: Lixxbail | L8: 60 | M8: 45098 | R8: 405 | S8: 2608 | T8: 60 | Z8: =12*Y8 -> 0 | AA8: =YEAR(I8) -> 2018 | AB8: =Y8+AA8 -> 2018 | AC8: 19990
A9: BEN 08 | B9: GPDG | C9: FH-434-KS | D9: BENNE | E9: FIAT | F9: DUCATO | G9: ZFA25000002L09379 | H9: STAR LEASE 001651909-00 | I9: 43279 | J9: 22000 | K9: Star Lease | L9: 60 | M9: 45658 | R9: 405 | S9: 2578 | T9: 60 | Z9: =12*Y9 -> 0 | AA9: =YEAR(I9) -> 2018 | AB9: =Y9+AA9 -> 2018 | AC9: 22000
A10: BEN 09 | B10: GPDG | C10: FH-563-KS | D10: BENNE | E10: FIAT | F10: DUCATO | G10: ZFA25000002L09303 | H10: STAR LEASE 001651909-00 | I10: 43645 | J10: 22000 | K10: Star Lease | L10: 60 | M10: 45658 | R10: 405 | S10: 2578 | T10: 60 | Z10: =12*Y10 -> 0 | AA10: =YEAR(I10) -> 2019 | AB10: =Y10+AA10 -> 2019 | AC10: 22000
A11: BEN 10 | B11: GPDG | C11: FV-939-JW | D11: BENNE | E11: FIAT | F11: DUCATO | G11: ZFA25000002P62581 | H11: CEAPC 331685 | I11: 44298 | J11: 24584 | K11: CE Lease | L11: 60 | M11: 46093 | R11: 456 | S11: 3058 | T11: 60 | Y11: 5 | Z11: =12*Y11 -> 60 | AA11: =YEAR(I11) -> 2021 | AB11: =Y11+AA11 -> 2026 | AC11: 24854
A12: BEN 11 | B12: GPDG | C12: FV-961-JW | D12: BENNE | E12: FIAT | F12: DUCATO | G12: ZFA25000002P63485 | H12: CEAPC 331685 | I12: 44298 | J12: 24584 | K12: CE Lease | L12: 60 | M12: 46093 | R12: 456 | S12: 3058 | T12: 60 | Z12: =12*Y12 -> 0 | AA12: =YEAR(I12) -> 2021 | AB12: =Y12+AA12 -> 2021 | AC12: 24854
A13: BEN 12 | B13: GPDG | C13: GK-345-DP | D13: BENNE | E13: RENAULT | F13: MASTER | G13: VF6VG000368475470 | H13: Comptant PL + PGE | I13: 44847 | J13: 37497 | K13: comptant | R13: 582 | T13: 60 | Z13: =12*Y13 -> 0 | AA13: =YEAR(I13) -> 2022 | AB13: =Y13+AA13 -> 2022 | AC13: 37497
A14: BEN 13 | B14: GPDG | C14: GJ-053-WB | D14: BENNE | E14: PIAGGIO | F14: PORTER NP6 | G14: ZAPNP6C1D0P001065 | H14: BPCE LEASE | I14: 44834 | J14: 28330 | K14: CE Lease | L14: 60 | M14: 46629 | R14: 495 | T14: 60 | Y14: 5 | Z14: =12*Y14 -> 60 | AA14: =YEAR(I14) -> 2022 | AB14: =Y14+AA14 -> 2027
A15: BEN 14 | B15: GPDG | D15: BENNE | E15: RENAULT | F15: MASTER | Z15: =12*Y15 -> 0 | AA15: =YEAR(I15) -> 1900 | AB15: =Y15+AA15 -> 1900
A16: BEN 15 | B16: GPDG | D16: BENNE | E16: RENAULT | F16: MASTER | Z16: =12*Y16 -> 0 | AA16: =YEAR(I16) -> 1900 | AB16: =Y16+AA16 -> 1900
A17: BEN 16 | B17: GPDG | D17: BENNE | E17: PIAGGIO | F17: PORTER NP6 | Z17: =12*Y17 -> 0 | AA17: =YEAR(I17) -> 1900 | AB17: =Y17+AA17 -> 1900
Z18: =12*Y18 -> 0 | AA18: =YEAR(I18) -> 1900 | AB18: =Y18+AA18 -> 1900
A19: PL 001 | B19: GPDG | C19: AH-669-JV | D19: POID LOURD | E19: RENAULT | F19: S180 | G19: VF640ACF300001441 | H19: CEAPC 5928858 | J19: 17000 | K19: VENDU 02/2022 | L19: 48 | R19: 642.24 | T19: 60 | Z19: =12*Y19 -> 0 | AA19: =YEAR(I19) -> 1900 | AB19: =Y19+AA19 -> 1900
Z20: =12*Y20 -> 0 | AA20: =YEAR(I20) -> 1900 | AB20: =Y20+AA20 -> 1900
A21: VL 001 | B21: GPDG | C21: CZ-120-ZQ | D21: VEHICULE LEGER | E21: RENAULT | F21: CLIO | G21: VF1CR20H49777795 | H21: FOND Propre | I21: 42753 | J21: 1900 | K21: GPDG 31/12/2022 | L21: 36 | T21: 60 | Y21: 3 | Z21: =12*Y21 -> 36 | AA21: =YEAR(I21) -> 2017 | AB21: =Y21+AA21 -> 2020 | AC21: 1900
A22: VL 002 | B22: GPDG | C22: EL-669-HS | D22: VEHICULE LEGER | E22: RENAULT | F22: KANGOO | G22: VF1FW52K257322383 | H22: DIAC | I22: 42856 | J22: 5495 | K22: GPDG 18/06/2021 | L22: 48 | M22: 44290 | R22: 445.5 | T22: 60 | Y22: 3 | Z22: =12*Y22 -> 36 | AA22: =YEAR(I22) -> 2017 | AB22: =Y22+AA22 -> 2020 | AC22: 12461
A23: VL 003 | B23: GPDG | C23: ES-668-DY | D23: VEHICULE LEGER | E23: PEUGEOT | F23: EXPERT | G23: VF3VFAHKHZ068553 | H23: PSA France | I23: 43069 | J23: 19906.9 | K23: GPDG 31/12/2021 | L23: 48 | M23: 44500 | R23: 445.5 | T23: 60 | Y23: 5 | Z23: =12*Y23 -> 60 | AA23: =YEAR(I23) -> 2017 | AB23: =Y23+AA23 -> 2022 | AC23: 15000
A24: VL 004 | B24: GPDG | C24: ER-918-JW | D24: VEHICULE LEGER | E24: RENAULT | F24: MASTER | G24: VF1MA000258690355 | H24: STAR LEASE 001620121-00 | I24: 43553 | J24: 17306.67 | K24: Star Lease 001620121-00 | L24: 48 | M24: 45077 | R24: 540 | T24: 60 | Y24: 5 | Z24: =12*Y24 -> 60 | AA24: =YEAR(I24) -> 2019 | AB24: =Y24+AA24 -> 2024 | AC24: 17306.67
A25: VL 005 | B25: GPDG | C25: EX-005-BW | D25: VEHICULE LEGER | E25: IVECO | F25: DAILY | G25: ZCFC135D805222529 | H25: CEAPC 5791544 | I25: 43701 | J25: 23750 | K25: CE lease 5791544 | L25: 62 | M25: 45540 | R25: 570 | T25: 60 | Y25: 5.166666 | Z25: =12*Y25 -> 61.999992 | AA25: =YEAR(I25) -> 2019 | AB25: =Y25+AA25 -> 2024.1667 | AC25: 23750
A26: VL 006 | B26: GPDG | C26: CB-494-QK | D26: VEHICULE LEGER | E26: RENAULT | F26: CLIO | G26: VF1CR2V0H46934712 | H26: CEAPC 5928858 | I26: 43929 | J26: 4302.79 | K26: CE lease 5928858 | L26: 48 | M26: 45448 | R26: 396 | T26: 60 | Y26: 5 | Z26: =12*Y26 -> 60 | AA26: =YEAR(I26) -> 2020 | AB26: =Y26+AA26 -> 2025 | AC26: 4302.79
A27: VL 007 | B27: GPDG | C27: FY-624-BN | D27: VEHICULE LEGER | E27: FIAT | F27: TALENTO | G27: ZFAFFL007L5137588 | H27: CEAPC 331691 | I27: 44279 | J27: 21541.88 | K27: CE lease 331691/00 | L27: 48 | M27: 45728 | R27: 445.5 | T27: 60 | Y27: 4 | Z27: =12*Y27 -> 48 | AA27: =YEAR(I27) -> 2021 | AB27: =Y27+AA27 -> 2025 | AC27: 21541.88
A28: VL 008 | B28: GPDG | C28: GD-029-EZ | D28: VEHICULE LEGER | E28: TOYOTA | F28: PRAOCE CITY | G28: YAREFYHZRGJ972202 | H28: LOA TOYOTA FINANCE AL05061040 | I28: 44535 | J28: 17799.16 | K28: toyota finance AL05061040 | L28: 48 | M28: 45959 | R28: 445.5 | S28: 0 | T28: 60 | Y28: 4 | Z28: =12*Y28 -> 48 | AA28: =YEAR(I28) -> 2021 | AB28: =Y28+AA28 -> 2025 | AC28: 20209.38
A29: VL 009 | B29: GPDG | C29: GA-319-KC | D29: VEHICULE LEGER | E29: TOYOTA | F29: YARIS | G29: VNKKBAC350A123504 | H29: LOA TOYOTA FINANCE 103723-1 | I29: 44376 | J29: 22801.28 | K29: toyota finance 103723-1 | L29: 49 | R29: 180 | T29: 60 | Y29: 4.083 | Z29: 49 | AA29: =YEAR(I29) -> 2021 | AB29: =Y29+AA29 -> 2025.083 | AC29: 22801.28
A30: VL 010 | B30: GPDG | C30: FR-048-ZG | D30: VEHICULE LEGER | E30: RENAULT | F30: ZOE | G30: VF1AG000364643541 | H30: STAR LEASE | I30: 44999 | J30: 22918.96 | K30: Star Lease | L30: 60 | S30: 0 | T30: 60 | Y30: 5 | Z30: =12*Y30 -> 60 | AA30: =YEAR(I30) -> 2023 | AB30: =Y30+AA30 -> 2028
A31: P.UP 1 | C31: EM-456-WR | D31: VEHICULE LEGER | E31: TOYOTA | F31: HILUX | G31: AHTKB3CC002510978 | H31: NATIXIS LEASE 956974/00 | I31: 42885 | J31: 28533.4 | K31: NATIXIS LEASE 956974/00 | L31: 66 | M31: 44867 | R31: 405 | T31: 60 | Y31: 3 | Z31: =12*Y31 -> 36 | AA31: =YEAR(I31) -> 2017 | AB31: =Y31+AA31 -> 2020
Z32: =12*Y32 -> 0 | AA32: =YEAR(I32) -> 1900 | AB32: =Y32+AA32 -> 1900
A33: REM XX | D33: REMORQUE / BROYEUR | E33: LIDER | F33: CADIX | T33: 30 | Z33: =12*Y33 -> 0 | AA33: =YEAR(I33) -> 1900 | AB33: =Y33+AA33 -> 1900
A34: REM 01 | C34: BT-492-VQ | D34: REMORQUE / BROYEUR | E34: LIDER | F34: GRILLAGE | J34: 1200 | T34: 30 | Z34: =12*Y34 -> 0 | AA34: =YEAR(I34) -> 1900 | AB34: =Y34+AA34 -> 1900
A35: REM 02 | C35: CW-493-SF | D35: REMORQUE / BROYEUR | E35: ECIM | F35: TRI BENNE | G35: VNC2AF350DV000644 | J35: 1024.25 | T35: 30 | U35: X | Z35: =12*Y35 -> 0 | AA35: =YEAR(I35) -> 1900 | AB35: =Y35+AA35 -> 1900
A36: REM 03 | C36: DH-379-SF | D36: REMORQUE / BROYEUR | E36: LIDER | F36: GRD PLATEAU | G36: VN52L266020140161 | J36: 4329 | T36: 30 | U36: X | Z36: =12*Y36 -> 0 | AA36: =YEAR(I36) -> 1900 | AB36: =Y36+AA36 -> 1900
A37: REM 04 | C37: EA-527-MM | D37: REMORQUE / BROYEUR | E37: LIDER | F37: PETIT PLATEAU | G37: VN52L138520150077 | T37: 30 | U37: X | Z37: =12*Y37 -> 0 | AA37: =YEAR(I37) -> 1900 | AB37: =Y37+AA37 -> 1900
A38: REM 05 | C38: EW-830-BX | D38: REMORQUE / BROYEUR | E38: LIDER | F38: PETIT PLATEAU | G38: VN52L1630J1000067 | H38: DESTRIAN 2018/302999 | J38: 2426 | L38: 24 | T38: 30 | Y38: 10 | Z38: =12*Y38 -> 120 | AA38: =YEAR(I38) -> 1900 | AB38: =Y38+AA38 -> 1910
A39: REM 06 | C39: FA-961-PD | D39: REMORQUE / BROYEUR | E39: LIDER | F39: PETIT PLATEAU | G39: VN52L1631J1000246 | H39: 20180925 DESTRIAN 2018/901867 | J39: 2400 | L39: 12 | T39: 30 | Y39: 5 | Z39: =12*Y39 -> 60 | AA39: =YEAR(I39) -> 1900 | AB39: =Y39+AA39 -> 1905
A40: REM 07 | C40: FB-093-FX | D40: REMORQUE / BROYEUR | E40: LIDER | F40: GRILLAGE | G40: VN51L2B23J1001231 | H40: COMPTANT | J40: 875 | L40: 12 | T40: 30 | Y40: 3 | Z40: =12*Y40 -> 36 | AA40: =YEAR(I40) -> 1900 | AB40: =Y40+AA40 -> 1903
A41: REM 08 | C41: FP-749-KM | D41: REMORQUE / BROYEUR | E41: MECANOREM | F41: PLATEAU | G41: VHT1101LNK0007532 | H41: SOUMAT FS181914 13032020 | T41: 30 | U41: X | Z41: =12*Y41 -> 0 | AA41: =YEAR(I41) -> 1900 | AB41: =Y41+AA41 -> 1900
A42: REM 09 | C42: FP-801-KM | D42: REMORQUE / BROYEUR | E42: MECANOREM | F42: PLATEAU | G42: VHT1101LNK0007638 | H42: SOUMAT FS181914 13032020 | J42: 1158.33 | L42: 24 | T42: 30 | U42: X | Y42: 5 | Z42: =12*Y42 -> 60 | AA42: =YEAR(I42) -> 1900 | AB42: =Y42+AA42 -> 1905
A43: REM 10 | C43: FT-084-LF | D43: REMORQUE / BROYEUR | E43: MECANOREM | F43: PLATEAU | G43: VHT1101LNL0008177 | H43: SOUMAT FS190223 16102020 | J43: 1158.33 | L43: 24 | T43: 30 | U43: X | Y43: 5 | Z43: =12*Y43 -> 60 | AA43: =YEAR(I43) -> 1900 | AB43: =Y43+AA43 -> 1905
A44: REM 11 | C44: FT-648-XB | D44: REMORQUE / BROYEUR | E44: SOGEWALOT | F44: PLATEAU | G44: SVRS1AMA1LP020346 | H44: SOUMAT FS190450 03112020 | J44: 1525.01 | L44: 24 | T44: 30 | U44: X | Y44: 5 | Z44: =12*Y44 -> 60 | AA44: =YEAR(I44) -> 1900 | AB44: =Y44+AA44 -> 1905
A45: REM 12 | C45: FV-827-GL | D45: REMORQUE / BROYEUR | E45: MECANOREM | F45: PLATEAU | G45: VTH1101LNL0008217 | H45: SOUMAT FS190622 23112020 | J45: 1158.33 | L45: 24 | T45: 30 | U45: X | Y45: 5 | Z45: =12*Y45 -> 60 | AA45: =YEAR(I45) -> 1900 | AB45: =Y45+AA45 -> 1905
A46: REM 13 | C46: GA-405-EK | D46: REMORQUE / BROYEUR | E46: MECANOREM | F46: PLATEAU | G46: VHT1101LNM0008785 | H46: SOUMAT FS193400 23062021 | J46: 1316.67 | L46: 24 | T46: 30 | U46: X | Y46: 5 | Z46: =12*Y46 -> 60 | AA46: =YEAR(I46) -> 1900 | AB46: =Y46+AA46 -> 1905
A47: REM 14 | C47: GA-502-EK | D47: REMORQUE / BROYEUR | E47: MECANOREM | F47: PLATEAU | G47: VHT1101LNM0008786 | H47: SOUMAT FS193400 23062021 | J47: 1316.67 | L47: 24 | T47: 30 | U47: X | Y47: 5 | Z47: =12*Y47 -> 60 | AA47: =YEAR(I47) -> 1900 | AB47: =Y47+AA47 -> 1905
A48: BRO 02 | B48: PDG | C48: ET-195-HK | D48: REMORQUE / BROYEUR | E48: TIMBERWOLF | F48: TW230DHB | G48: VN52L138520150077 | H48: DESTRIAN 2017/1202088 | I48: 42885 | J48: 23900 | L48: 60 | T48: 60 | U48: X | Z48: =12*Y48 -> 0 | AA48: =YEAR(I48) -> 2017 | AB48: =Y48+AA48 -> 2017
A49: BRO 03 | B49: GPDG | C49: GB-562-GZ | D49: REMORQUE / BROYEUR | E49: GREENMECH | F49: EVO165TD | G49: SKHDKCA000C210706 | H49: LIXXBAIL | I49: 44439 | J49: 28800 | L49: 48 | T49: 60 | Z49: =12*Y49 -> 0 | AA49: =YEAR(I49) -> 2021 | AB49: =Y49+AA49 -> 2021
Z50: =12*Y50 -> 0 | AA50: =YEAR(I50) -> 1900 | AB50: =Y50+AA50 -> 1900
A51: TRAXX | B51: GPDG | C51: FY-235-MJ | D51: ENGIN AGRICOLE | E51: CASE | F51: MXU100 PRO | G51: EKP007766 | I51: 44298 | J51: 32000 | T51: 60 | U51: X | Y51: 5 | Z51: =12*Y51 -> 60 | AA51: =YEAR(I51) -> 2021 | AB51: =Y51+AA51 -> 2026
A52: TRA 01 | B52: PDG | C52: CN-911-NY | D52: ENGIN AGRICOLE | F52: BX2200 | I52: 41061 | J52: 5500 | Z52: =12*Y52 -> 0 | AA52: =YEAR(I52) -> 2012 | AB52: =Y52+AA52 -> 2012
A53: TRA 02 | B53: PDG | D53: ENGIN AGRICOLE | E53: KUBOTA | F53: G23 | G53: 20058 | I53: 41275 | Z53: =12*Y53 -> 0 | AA53: =YEAR(I53) -> 2013 | AB53: =Y53+AA53 -> 2013
A54: TRA 03 | B54: PDG | D54: ENGIN AGRICOLE | F54: MK5000 | J54: 20000 | Z54: =12*Y54 -> 0 | AA54: =YEAR(I54) -> 1900 | AB54: =Y54+AA54 -> 1900
A55: TRA 04 | B55: GPDG | D55: ENGIN AGRICOLE | E55: KUBOTA | F55: G23HD n°2 | G55: 64891 | H55: KUBOTA FINANCE A1A722329 001 | I55: 43101 | J55: 17100 | L55: 48 | T55: 60 | Y55: 3 | Z55: =12*Y55 -> 36 | AA55: =YEAR(I55) -> 2018 | AB55: =Y55+AA55 -> 2021
A56: TRA 05 | D56: ENGIN AGRICOLE | E56: KUBOTA | F56: F280 | G56: 31370 | Z56: =12*Y56 -> 0 | AA56: =YEAR(I56) -> 1900 | AB56: =Y56+AA56 -> 1900
A57: TRA 06 | B57: GPDG | D57: ENGIN AGRICOLE | E57: KUBOTA | F57: G23HD n°3 | G57: 66021 | H57: KUBOTA FINANCE A1B98299 | I57: 43101 | J57: 17100 | L57: 36 | T57: 60 | Y57: 5 | Z57: =12*Y57 -> 60 | AA57: =YEAR(I57) -> 2018 | AB57: =Y57+AA57 -> 2023
A58: TRA 07 | B58: PDG | C58: ER-601-PL | D58: ENGIN AGRICOLE- | E58: KUBOTA | F58: BX2350 | G58: 80259 | H58: REVENTE GPDG LE 01/11/2021 | I58: 43003 | J58: 12850 | L58: 60 | T58: 60 | Y58: 5 | Z58: =12*Y58 -> 60 | AA58: =YEAR(I58) -> 2017 | AB58: =Y58+AA58 -> 2022
A59: TRA 08 | B59: GPDG | D59: ENGIN AGRICOLE | E59: TORO | F59: TORO ZD | G59: 402208029 | H59: COMPTANT | J59: 2800 | L59: 36 | T59: 60 | Z59: =12*Y59 -> 0 | AA59: =YEAR(I59) -> 1900 | AB59: =Y59+AA59 -> 1900
A60: TRA 09 | B60: GPDG | D60: ENGIN AGRICOLE | E60: KUBOTA | F60: KUB Z122R | G60: 11454 | H60: KUBOTA FINANCE A1G66873 | I60: 44639 | J60: 6270.6 | L60: 38 | T60: 60 | Z60: =12*Y60 -> 0 | AA60: =YEAR(I60) -> 2022 | AB60: =Y60+AA60 -> 2022
A61: TRA 10 | B61: GPDG | D61: ENGIN AGRICOLE | E61: KUBOTA | F61: KUB Z122R 2 | G61: 11444 | H61: KUBOTA FINANCE A1G66873 | I61: 44639 | J61: 6270.6 | L61: 38 | T61: 60 | Z61: =12*Y61 -> 0 | AA61: =YEAR(I61) -> 2022 | AB61: =Y61+AA61 -> 2022
A62: TRA 11 | B62: GPDG | D62: ENGIN AGRICOLE | E62: KUBOTA | F62: G23 N° 4 | G62: 70814 | H62: KUBOTA FINANCE A1I08323 | I62: 43833 | J62: 15190 | L62: 36 | T62: 60 | Z62: =12*Y62 -> 0 | AA62: =YEAR(I62) -> 2020 | AB62: =Y62+AA62 -> 2020
A63: TRA 12 | B63: GPDG | D63: ENGIN AGRICOLE | E63: KUBOTA | F63: KUB Z122R 3 | G63: 11553 | H63: KUBOTA FINANCE A1I08323 | I63: 43833 | J63: 4710 | L63: 36 | T63: 60 | Z63: =12*Y63 -> 0 | AA63: =YEAR(I63) -> 2020 | AB63: =Y63+AA63 -> 2020
A64: TRA 13 | B64: GPDG | D64: ENGIN AGRICOLE | E64: KUBOTA | F64: KUB Z122R 4 | G64: 11978 | H64: BNP PARIBAS LEASE GROUP A1J51771 | I64: 44368 | J64: 5089 | L64: 36 | T64: 60 | Z64: =12*Y64 -> 0 | AA64: =YEAR(I64) -> 2021 | AB64: =Y64+AA64 -> 2021
A65: TRA 14 | B65: GPDG | D65: ENGIN AGRICOLE | E65: KUBOTA | F65: KUB Z122R 5 | G65: 12089 | H65: BNP PARIBAS LEASE GROUP A1J51771 | I65: 44368 | J65: 5089 | L65: 36 | T65: 60 | Z65: =12*Y65 -> 0 | AA65: =YEAR(I65) -> 2021 | AB65: =Y65+AA65 -> 2021
Z66: =12*Y66 -> 0 | AA66: =YEAR(I66) -> 1900 | AB66: =Y66+AA66 -> 1900
Z67: =12*Y67 -> 0 | AA67: =YEAR(I67) -> 1900 | AB67: =Y67+AA67 -> 1900
Z68: =12*Y68 -> 0 | AA68: =YEAR(I68) -> 1900 | AB68: =Y68+AA68 -> 1900
Z69: =12*Y69 -> 0 | AA69: =YEAR(I69) -> 1900 | AB69: =Y69+AA69 -> 1900
Z70: =12*Y70 -> 0 | AA70: =YEAR(I70) -> 1900 | AB70: =Y70+AA70 -> 1900
Z71: =12*Y71 -> 0 | AA71: =YEAR(I71) -> 1900 | AB71: =Y71+AA71 -> 1900
Z72: =12*Y72 -> 0 | AA72: =YEAR(I72) -> 1900 | AB72: =Y72+AA72 -> 1900
Z73: =12*Y73 -> 0 | AA73: =YEAR(I73) -> 1900 | AB73: =Y73+AA73 -> 1900
Z74: =12*Y74 -> 0 | AA74: =YEAR(I74) -> 1900 | AB74: =Y74+AA74 -> 1900
Z75: =12*Y75 -> 0 | AA75: =YEAR(I75) -> 1900 | AB75: =Y75+AA75 -> 1900
Z76: =12*Y76 -> 0 | AA76: =YEAR(I76) -> 1900 | AB76: =Y76+AA76 -> 1900
Z77: =12*Y77 -> 0 | AA77: =YEAR(I77) -> 1900 | AB77: =Y77+AA77 -> 1900
... Z86: =12*Y86 -> 0 | AA86: =YEAR(I86) -> 1900 | AB86: =Y86+AA86 -> 1900
A120: JANVIER | C120: 2020
A121: FÉVRIER | C121: 2021
A122: MARS | C122: 2022
A123: AVRIL | C123: 2023
A124: MAI | C124: 2024
A125: JUIN | C125: 2025
A126: JUILLET | C126: 2026
A127: AOÛT | C127: 2027
A128: SEPTEMBRE | C128: 2028
A129: OCTOBRE | C129: 2029
A130: NOVEMBRE | C130: 2030
A131: DÉCEMBRE | C131: 2031

Sheet Assurances 
A1: REFERENCE | B1: STRUCTURE | C1: IMMAT | D1: MARQUE | E1: MODELE | F1: TYPE | G1: N° SERIE | H1: POLICE | J1: A/M | K1: BANQUE | L1: MOIS TR | M1: ECH. 2024 | N1: ECH. 2023 | O1: ECH. 2022 | P1: ECH. 2021 | Q1: ECH. 2020 | R1: ECH. 2019 | S1: ECH. 2018 | T1: ECH. 2017 | U1: ECH. 2016 | V1: ECH. 2015
A2: BEN 01 | C2: DJ-492-HG | D2: IVECO | E2: DAYLY | F2: AUTOMOBILE | G2: ZCFC35A740D533467 | H2: 5374268704 | I2: GPDG | J2: A | K2: CEAPC | L2: AVRIL | M2: 1401.29 | N2: 1342.37 | O2: 1272.38 | P2: 1262.42 | Q2: 1249.93 | R2: 1214.32
A3: BEN 02 | C3: DQ-059-QL | D3: RENAULT | E3: MAXITY | F3: AUTOMOBILE | G3: VF6SWTF24E5171208 | H3: 6593682904 | I3: GPDG | J3: A | K3: CEAPC | L3: AVRIL | M3: 1518.22 | N3: 1471.01 | O3: 1448.41 | P3: 1439.06 | Q3: 1427.02 | R3: 1374.59 | S3: 1337.27 | T3: 1181.36 | U3: 1100.99
A4: BEN 03 | C4: ED-199-XE | D4: RENAULT | E4: MAXITY | F4: BENNE | G4: VF6SVTF24G6192480 | H4: 7219552904 | I4: PDG | J4: A | K4: CEAPC | L4: JUILLET | M4: 993.01
A5: BEN 04 | C5: EB-962-XQ | D5: FIAT | E5: DUCATO | F5: BENNE | G5: ZFA25000002929593 | H5: 10118321304 | I5: PDG | J5: A | K5: CEAPC | L5: NOV.

Sheet Feuil1
G8: Relevé d'information du | J8: 44925
B17: REFERENCE INTERNE | C17: : | D17: BEN 01 | G17: TYPE | H17: : | I17: =VLOOKUP($D$17,'Véhicules MAJ 20012022'!$A$1:$T$118,4,FALSE) -> BENNE
B18: MARQUE | C18: : | D18: =VLOOKUP($D$17,'Véhicules MAJ 20012022'!A1:T98,5,FALSE) -> IVECO | G18: MODELE | H18: : | I18: =VLOOKUP($D$17,'Véhicules MAJ 20012022'!$A$1:$T$118,6,FALSE) -> DAYLY
B19: PLAQUE D'IMMAT. | C19: : | D19: =VLOOKUP($D$17,'Véhicules MAJ 20012022'!$A$1:$T$118,3,FALSE) -> DJ-492-HG | G19: N° SERIE / ID | H19: : | I19: =VLOOKUP($D$17,'Véhicules MAJ 20012022'!$A$1:$T$118,7,FALSE) -> ZCFC35A740D533467
B23: Financement / Financeur | C23: : | D23: =VLOOKUP($D$17,'Véhicules MAJ 20012022'!$A$1:$T$118,8,FALSE) -> CB IVECO Capital | G23: FDC | H23: : | I23: =VLOOKUP($D$17,'Véhicules MAJ 20012022'!$A$1:$T$118,13,FALSE) -> 43709
B24: montant à l'acquisition | C24: : | D24: =VLOOKUP($D$17,'Véhicules MAJ 20012022'!$A$1:$T$118,10,FALSE) -> 17500 | F24: Durée du financement | H24: : | I24: =VLOOKUP($D$17,'Véhicules MAJ 20012022'!$A$1:$T$118,12,FALSE) -> 60
I26: Montant HT | J26: taux taxe | K26: Montant taxe
B27: Valeur d'achat H.T. / mois | C27: : | I27: =D24/I24 -> 291.66667 | J27: 0.2 | K27: =I27*J27 -> 58.333333
B29: Réhausses | C29: : | D29: =VLOOKUP($D$17,'Véhicules MAJ 20012022'!$A$1:$T$118,19,FALSE) -> 0 | I29: =D29/I24 -> 0 | J29: 0.2 | K29: =I29*J29 -> 0
B30: Contrat de maintenance | C30: : | D30: =VLOOKUP($D$17,'Véhicules MAJ 20012022'!$A$1:$T$118,20,FALSE) -> 60 | I30: =D30 -> 60 | J30: 0.2 | K30: =I30*J30 -> 12
B31: Flocage | C31: : | D31: =VLOOKUP($D$17,'Véhicules MAJ 20012022'!$A$1:$T$118,18,FALSE) -> 495 | I31: =D31/I24 -> 8.25 | J31: 0.2 | K31: =I31*J31 -> 1.65
B32: *Assurance n° | C32: : | D32: =VLOOKUP($D$17,'Assurances '!1:1048576,8,FALSE) -> 5374268704 | F32: Cotis. / an : | G32: =IF(ISBLANK(VLOOKUP($D$17,'Assurances '!1:1048576,14,FALSE)),"",VLOOKUP($D$17,'Assurances '!1:1048576,13,FALSE)) -> 1401.29 | I32: =G32/12 -> 116.77417 | K32: =I32*J32 -> 0
B33: (les montant sont exprimés en HT) | D33: * Exempté de TVA | G33: TOTAL | I33: =SUM(I27:I32) -> 476.69083 | K33: =SUM(K27:K32) -> 71.983333
G34: TOTAL TTC | K34: =SUM(K33+I33) -> 548.67417
B37: Moyenne de jour travaillés dans le mois : | F37: 20
B38: Prix HT du véhicule moyen par mois : | F38: =I33*(52/50) -> 495.75847
B39: Prix HT du véhicule moyen par jour : | F39: =F38/F37 -> 24.787923
G41: Prix HT du véhicule moyen par jour avec marge de l'entreprise | K41: =F39*(0.4+1) -> 34.703093
G43: (Px de location estimé dans le commerce entre 30 et 80€)
G45: Nombre de jour utilisé sur le mois | K45: =IF(G3="PAYSAGE DES GRAVES",VLOOKUP(D17,#REF!,35,FALSE),IF(G3="PAYSAGE DES GRAVES AMENAGEMENT",VLOOKUP(D17,#REF!,36,FALSE),IF(G3="NICOLAS LE JARDINIER",VLOOKUP(D17,#REF!,37,FALSE)))) -> FALSE
